[Event "NK 2022"]
[Site "Groningen, Netherlands"]
[Date "2022.12.23"]
[Round "5.4"]
[White "Van Foreest, Lucas"]
[Black "Kevlishvili, Robby"]
[Result "0-1"]
[TimeControl "40/90; 30 minutes + increment 30 seconds from start"]
[WhiteTitle "GM"]
[BlackTitle "GM"]
[WhiteFideId "1039792"]
[BlackFideId "1040634"]
[WhiteElo "2577"]
[BlackElo "2530"]

1. d4 d5 2. c4 c6 3. Nf3 Nf6 4. Nc3 e6 5. Bg5 h6 6. Bh4 dxc4 7. e4 g5 8. Bg3 b5 9. Be2 Bb7 10.
Qc2 Nbd7 11. Rd1 Qb6 12. Ne5 Bg7 13. b3 cxb3 14. axb3 Rd8 15. h4 g4 16. O-O Nh5 17. Nxd7 Rxd7 18.
Be5 Rxd4 19. Bxg7 Nxg7 20. Rxd4 Qxd4 21. Bxg4 O-O 22. Rd1 Qe5 23. Rd7 Rb8 24. Qd2 b4 25. Na4 c5 26. Bf3 Bc6 27.
Rxa7 c4 28. Qe3 Bxa4 29. Rxa4 c3 30. Ra2 Rc8 31. Rc2 Ra8 32. g3 Ra1+ 33. Kg2 Rb1 34. Qxh6 Rxb3 35. Rc1 Ra3 36. Qg5 Qxg5 37.
hxg5 Ne8 38. Bd1 b3 39. Rxc3 b2 40. Rxa3 b1=Q 41. Bf3 Nd6 42. g6 fxg6 43. Ra6 Qd3 44. Ra8+ Kg7 45. Rd8 0-1

[Event "NK 2022"]
[Site "Groningen, Netherlands"]
[Date "2022.12.23"]
[Round "6.1"]
[White "Warmerdam, Max"]
[Black "Reinderman, Dimitri"]
[Result "1/2-1/2"]
[TimeControl "40/90; 30 minutes + increment 30 seconds from start"]
[WhiteTitle "GM"]
[BlackTitle "GM"]
[WhiteFideId "1048104"]
[BlackFideId "1001302"]
[WhiteElo "2619"]
[BlackElo "2575"]

1. d4 d5 2. c4 e6 3. Nc3 c5 4. cxd5 exd5 5. Nf3 Nc6 6. dxc5 d4 7. Na4 Bxc5 8. Nxc5 Qa5+ 9. Qd2 Qxc5 10.
e3 dxe3 11. Qxe3+ Qxe3+ 12. Bxe3 Nge7 13. Bc4 h6 14. O-O Be6 15. Bxe6 fxe6 16. Rfe1 Kf7 17. Bd2 Rhd8 18. Re4 Nd5 19.
Rae1 Rd6 20. a3 Rad8 21. R4e2 Re8 22. g3 Nf6 23. Kg2 Rd3 24. Bc3 Nd5 25. Be5 Rf8 26. Bd6 Re8 27. Bc5 Nf6 28.
h3 a6 29. Nd2 Rd5 30. Be3 Ne5 31. Rc1 Nd3 32. Rc2 b5 33. Nb3 e5 34. Kf1 e4 35. Bd4 Ne5 36. Rc7+ Re7 37. Bxe5 Rdxe5 38. Rc6 R7e6 39. Rec2 e3 40. Rxe6 Rxe6 41. Rc7+ Kg6 42. Nd4 Re4 43. fxe3 Nd5 44. Rc6+ Kf7 45. Kf2 Nxe3 46. Kf3 Rxd4 47.
Kxe3 Ra4 48. Rd6 h5 49. Rb6 Ke7 50. Kf3 Kf7 51. Rc6 Ke7 52. g4 hxg4+ 53. hxg4 g5 54. Kg3 Kf7 55. Rd6 Kg7 56.
Rb6 Kf7 57. Kf3 Kg7 58. Re6 Rf4+ 59. Kg3 Rd4 60. Rxa6 Rd3+ 61. Kf2 Rb3 1/2-1/2

[Event "NK 2022"]
[Site "Groningen, Netherlands"]
[Date "2022.12.23"]
[Round "6.2"]
[White "Tiviakov, Sergei"]
[Black "L'Ami, Erwin"]
[Result "0-1"]
[TimeControl "40/90; 30 minutes + increment 30 seconds from start"]
[WhiteTitle "GM"]
[BlackTitle "GM"]
[WhiteFideId "1008013"]
[WhiteElo "2562"]
[BlackElo "2627"]

1. e4 e5 2. Nf3 Nc6 3. Bb5 a6 4. Ba4 Nf6 5. d3 b5 6. Bb3 Bc5 7. c3 d6 8. O-O h6 9. Be3 Bxe3 10.
fxe3 O-O 11. Nbd2 Na5 12. Bc2 c5 13. d4 Nc6 14. d5 Ne7 15. Qe2 Ng6 16. b3 Bd7 17. Bd3 Qb6 18. Kh1 a5 19.
a4 c4 20. bxc4 bxa4 21. Bc2 Rfb8 22. Ra2 Be8 23. Rfa1 Nd7 24. Bxa4 Nc5 25. Bd1 Nf8 26. Ne1 Nfd7 27. h3 Nf6 28.
Bc2 Qd8 29. Kh2 g6 30. Qf3 Kg7 31. Qf2 Ra7 32. Qh4 h5 33. Nef3 a4 34. Qe1 Rab7 35. Qc1 Nb3 36. Bxb3 axb3 37.
Rb2 Nd7 38. Ra3 Nc5 39. Qa1 Bd7 40. Kg1 g5 41. Qb1 g4 42. hxg4 hxg4 43. Ne1 Qg5 44. Nf1 Rh8 45. Kf2 Nxe4+ 46. Qxe4 Bf5 47. Nf3 Qf6 0-1

[Event "NK 2022"]
[Site "Groningen, Netherlands"]
[Date "2022.12.23"]
[Round "6.3"]
[White "Van Den Doel, Erik"]
[Black "Pruijssers, Roeland"]
[Result "1/2-1/2"]
[TimeControl "40/90; 30 minutes + increment 30 seconds from start"]
[WhiteTitle "GM"]
[BlackTitle "GM"]
[BlackFideId "1013068"]
[WhiteElo "2582"]
[BlackElo "2538"]

1. d4 d5 2. Nf3 Nf6 3. c4 e6 4. cxd5 exd5 5. Nc3 c6 6. Bf4 Bd6 7. Bxd6 Qxd6 8. e3 O-O 9. Bd3 Bg4 10.
h3 Bxf3 11. Qxf3 Nbd7 12. O-O Rfe8 13. Rab1 a5 14. Rfc1 g6 15. Qd1 Kg7 16. a3 Ra7 17. Qc2 Rb8 18. Bf1 h5 19. b4 axb4 20.
axb4 b5 21. Ne2 Rb6 22. Nf4 Ra4 23. Nd3 Rba6 24. Qd1 Ra3 25. Ra1 Ne4 26. Rxa3 Rxa3 27. Qc2 Ra6 28. Qb2 Qb8 29. Ra1 Ra7 30.
Qc1 Ra8 31. Be2 Kg8 32. Ra5 Qb7 33. Qa3 Nb6 34. Rxa8+ Nxa8 35. Bf3 Ng5 36. Bd1 Nb6 37. Nc5 Qa8 38. Qa5 Qb8 39. Qa6 Qc7 40.
Bc2 Nc4 41. Qa8+ Kg7 42. Qe8 Qd6 43. h4 Nh7 44. Qd7 Nf8 45. Qxd6 Nxd6 46. Kf1 f5 47. f3 Kf6 48. Kf2 Ne8 49.
g4 fxg4 50. fxg4 hxg4 51. Kg3 Ng7 52. Kxg4 Nge6 53. Nb3 Nd7 54. e4 Nb8 55. exd5 cxd5 56. Bd3 Nc6 57. Bxb5 Nxb4 58. Bd7 Nc2 59.
Bxe6 Kxe6 60. Kg5 1/2-1/2

[Event "NK 2022"]
[Site "Groningen, Netherlands"]
[Date "2022.12.23"]
[Round "6.4"]
[White "Kevlishvili, Robby"]
[Black "Van Foreest, Lucas"]
[Result "0-1"]
[TimeControl "40/90; 30 minutes + increment 30 seconds from start"]
[WhiteTitle "GM"]
[BlackTitle "GM"]
[WhiteFideId "1040634"]
[BlackFideId "1039792"]
[WhiteElo "2530"]
[BlackElo "2577"]

1. e4 c5 2. Nf3 d6 3. d4 cxd4 4. Nxd4 Nf6 5. Nc3 a6 6. h4 e5 7. Nb3 Be6 8. f4 g6 9.
fxe5 dxe5 10. Qxd8+ Kxd8 11. Bg5 Nbd7 12. O-O-O Ke8 13. Be2 Rc8 14. Bf3 h6 15. Be3 h5 16. Kb1 Bb4 17.
Nd5 Nxd5 18. exd5 Bf5 19. Rc1 Rc7 20. a3 Bd6 21. Rhe1 Ke7 22. Nd2 Nc5 23. Ka2 Rhc8 24. Nc4 Nd7 25.
Nxd6 Kxd6 26. Bd2 Rxc2 27. Bb4+ Nc5 28. Rxc2 Bxc2 29. Re3 b6 30. g4 hxg4 31. Bxg4 f5 32. Be2 f4 33. Rc3 Be4 34.
Bxa6 Bxd5+ 35. b3 Rh8 36. a4 f3 37. a5 Rxh4 38. Ba3 Ra4 39. Bc4 Bxc4 40. bxc4 e4 41. axb6 f2 42. Rc1 e3 43.
Kb2 Rxa3 0-1

[Event "NK 2022"]
[Site "Groningen, Netherlands"]
[Date "2022.12.24"]
[Round "7.1"]
[White "Reinderman, Dimitri"]
[Black "Warmerdam, Max"]
[Result "1/2-1/2"]
[TimeControl "40/90; 30 minutes + increment 30 seconds from start"]
[WhiteTitle "GM"]
[BlackTitle "GM"]
[WhiteFideId "1001302"]
[BlackFideId "1048104"]
[WhiteElo "2575"]
[BlackElo "2619"]

1. c4 e5 2. g3 c6 3. Nf3 e4 4.
Nd4 d5 5. cxd5 Qxd5 6. Nc2 Nf6 7. Nc3 Qe5 8. Bg2 Na6 9.
O-O Be7 10. Re1 O-O 11. d3 exd3 12. exd3 Qc7 13. Bf4 Qd8 14. d4 Nc7 15. Ne3 Be6 16. Rc1 Rc8 17. a3 Re8 18. Be5 Ncd5 19.
Bxf6 Nxf6 20. Qa4 a6 21. Rcd1 Bf8 22. b4 Re7 23. Rd2 Rd7 24. Red1 Ng4 25. Nf1 Nf6 26. Ne3 Ng4 27. Nf1 Nf6 28.
Ne3 1/2-1/2

[Event "NK 2022"]
[Site "Groningen, Netherlands"]
[Date "2022.12.24"]
[Round "7.2"]
[White "Kevlishvili, Robby"]
[Black "Van Foreest, Lucas"]
[Result "1-0"]
[TimeControl "40/90; 30 minutes + increment 30 seconds from start"]
[WhiteTitle "GM"]
[BlackTitle "GM"]
[WhiteFideId "1040634"]
[BlackFideId "1039792"]
[WhiteElo "2530"]
[BlackElo "2577"]

1. e4 e5 2. Nf3 Nc6 3. Bb5 Nf6 4. d3 Bc5 5. c3 O-O 6. O-O d6 7. h3 a6 8. Ba4 b5 9. Bc2 Bb6 10.
a4 Rb8 11. Re1 Re8 12. Nbd2 d5 13. axb5 axb5 14. Qe2 d4 15. Nf1 dxc3 16. bxc3 b4 17. Ba4 Bd7 18. Bxc6 Bxc6 19. cxb4 Bb5 20.
Rd1 Qd6 21. Bg5 h6 22. Bxf6 Qxf6 23. Ne3 Qd6 24. Rab1 Bxe3 25. Qxe3 Ba4 26. Rdc1 Rxb4 27. Rxb4 Qxb4 28. Rc3 Qd6 29. Rxc7 Bb3 30. Qa7 Qf6 31. Rb7 Bd1 32. Rb8 Qe6 33. Qa8 Ba4 34. Rxe8+ Bxe8 35. Qb8 f6 36. Nh4 Kh7 37. f4 exf4 38.
Qxf4 Bb5 39. d4 Bd3 40. Qf5+ Qxf5 41. exf5 Be4 42. Kf2 Kg8 43. Ke3 Bd5 44. g3 Kf7 45. Ng6 Bb3 46. Nf4 Bc2 47.
g4 Ke7 48. Nh5 g6 49. fxg6 Bxg6 50. Ng3 Ke6 51. Kf4 Bd3 52. Nf5 Bxf5 53. d5+ 1-0

[Event "NK 2022"]
[Site "Groningen, Netherlands"]
[Date "2022.12.24"]
[Round "8.1"]
[White "Warmerdam, Max"]
[Black "Reinderman, Dimitri"]
[Result "1-0"]
[TimeControl "40/90; 30 minutes + increment 30 seconds from start"]
[WhiteTitle "GM"]
[BlackTitle "GM"]
[WhiteFideId "1048104"]
[BlackFideId "1001302"]
[WhiteElo "2619"]
[BlackElo "2575"]

1. d4 d5 2. c4 e6 3. Nf3 c5 4. cxd5 exd5 5. Bg5 Be7 6. Bxe7 Qxe7 7. dxc5 Qxc5 8. Nc3 Nf6 9. e3 O-O 10. Be2 Nc6 11. O-O Bg4 12.
Rc1 Rad8 13. a3 Qe7 14. Nd4 Bxe2 15. Ncxe2 Ne5 16. Nc3 g6 17. Qe2 Rd7 18. Rc2 Rfd8 19. Rfc1 Ne4 20. h3 a6 21.
Na2 Nc4 22. Nb4 Ne5 23. Nd3 Nc4 24. a4 Kg7 25. b3 Ncd6 26. Qg4 Nf6 27. Qf4 Nde4 28. Ne5 Nh5 29. Qh2 Nd6 30. Nxd7 Rxd7 31.
Nf3 Ne8 32. Qe5+ Nhf6 33. Qxe7 Rxe7 34. Nd4 Rd7 35. g4 h6 36. f3 Kf8 37. Kf2 Ke7 38. h4 Kd6 39. Rc8 Ke7 40. Ke2 Kf8 41.
Rb8 Ke7 42. Rcc8 Nd6 43. Rc5 Nde8 44. b4 Nd6 45. g5 hxg5 46. hxg5 Nh5 47. Rxd5 Rc7 48. Rc5 Rd7 49. Re5# 1-0

[Event "NK 2022"]
[Site "Groningen, Netherlands"]
[Date "2022.12.24"]
[Round "8.2"]
[White "Van Foreest, Lucas"]
[Black "Kevlishvili, Robby"]
[Result "1/2-1/2"]
[TimeControl "40/90; 30 minutes + increment 30 seconds from start"]
[WhiteTitle "GM"]
[BlackTitle "GM"]
[WhiteFideId "1039792"]
[BlackFideId "1040634"]
[WhiteElo "2577"]
[BlackElo "2530"]

1. d4 d5 2. Nf3 e6 3.
g3 b5 4.
Bg2 Nf6 5. a4 b4 6. O-O a5 7. c4 bxc3 8. bxc3 Ba6 9. Na3 Nbd7 10. c4 c6 11. Bf4 Bxa3 12. Rxa3 Bxc4 13. Qc2 O-O 14.
Re1 Ne4 15. Ne5 Nxe5 16. Bxe5 Nf6 17. Raa1 Ng4 18. Bf4 Qe7 19. e4 Nf6 20. Reb1 Rfc8 21. Rb6 c5 22. Bd6 Qd8 23. Bxc5 Nxe4 24.
Bxe4 dxe4 25. Qxe4 Bd5 26. Qe5 Rab8 27. Rd6 Qe8 28. Qe1 Ra8 29. h4 Rc6 30. Rxc6 Qxc6 31. Kh2 Qd7 32. Qe5 Bc6 33.
g4 Qd5 34. Qg3 h6 35. g5 hxg5 36. hxg5 Kh7 37. g6+ fxg6 38. Re1 Qh5+ 39. Qh3 Qxh3+ 40. Kxh3 Bxa4 41. Kg4 Bc6 42. Kg5 Bd5 43.
Re3 a4 44. Rh3+ Kg8 45. Kxg6 Rb8 46. Rh4 Rb1 47. Rf4 Rg1+ 48. Kh5 Rh1+ 49. Kg6 Rg1+ 50. Kh5 Rh1+ 1/2-1/2

[Event "NK 2022"]
[Site "Groningen, Netherlands"]
[Date "2022.12.27"]
[Round "9.1"]
[White "Warmerdam, Max"]
[Black "Kevlishvili, Robby"]
[Result "1/2-1/2"]
[TimeControl "40/90; 30 minutes + increment 30 seconds from start"]
[WhiteTitle "GM"]
[BlackTitle "GM"]
[WhiteFideId "1048104"]
[BlackFideId "1040634"]
[WhiteElo "2619"]
[BlackElo "2530"]

1. e4 e5 2. Nf3 Nc6 3. d4 exd4 4. Nxd4 Nf6 5. Nc3 Bb4 6. Nxc6 bxc6 7. Bd3 O-O 8. O-O d5 9. exd5 cxd5 10.
h3 c6 11. Bf4 a5 12. Ne2 Bd6 13. Qd2 c5 14. Rad1 Be6 15. b3 a4 16. Rfe1 axb3 17. axb3 Be7 18. Ng3 d4 19. Be5 Nd5 20.
Nh5 Bg5 21. f4 Bh6 22. Qf2 Kh8 23. f5 f6 24. Bxd4 Bf7 25. Bxc5 Bxh5 26. g4 Bf7 27. Be4 Re8 28. c4 Rxe4 29.
Rxe4 Qb8 30. cxd5 Qxb3 31. Rde1 Qxd5 32. R4e2 Rc8 33. Be3 Bxe3 34. Qxe3 h6 35. Rc1 Rb8 36. Rd2 Qa5 37. Qc3 Qb6+ 38.
Qc5 Qb3 39. Qc3 Qb6+ 40. Qd4 Qb3 41. Kh2 Re8 42. Qc3 Qa4 43. Kg3 Qa7 44. Kh4 Kh7 45. Qc5 Qa4 46. Qc7 Rf8 47. Re1 Qb4 48.
Ree2 Qb3 49. Rd8 Rxd8 50. Qxd8 h5 51. Qd4 hxg4 52. hxg4 g5+ 53. fxg6+ Kxg6 54. Qf4 Qd5 55. Kg3 Kg7 56.
Rf2 Qe6 57. Kh4 Qc6 58. Kg3 Qe6 59. Qd4 Kg6 60. Rf1 Qb3+ 61. Kh4 Qe6 62. Qf4 Kg7 63. Rd1 Qc6 64. Rg1 Qb6 65. Rc1 Qe6 66.
Rf1 Bg6 67. Qd4 Qa6 68. Rf2 Qc6 69. Kg3 Qc7+ 70. Rf4 Qe7 71. g5 Qe1+ 72. Kg2 Qe2+ 73. Kg3 Qe1+ 74. Kh2 Qe2+ 75. Kh1 Qe1+ 76.
Kh2 Qe2+ 1/2-1/2

[Event "NK 2022"]
[Site "Groningen, Netherlands"]
[Date "2022.12.27"]
[Round "9.2"]
[White "Pruijssers, Roeland"]
[Black "L'Ami, Erwin"]
[Result "0-1"]
[TimeControl "40/90; 30 minutes + increment 30 seconds from start"]
[WhiteTitle "GM"]
[BlackTitle "GM"]
[WhiteFideId "1013068"]
[WhiteElo "2538"]
[BlackElo "2627"]

1. e4 e5 2. Nf3 Nc6 3. d4 exd4 4. Nxd4 Nf6 5. Nxc6 bxc6 6. e5 Qe7 7. Qe2 Nd5 8. h4 d6 9. c4 Nb6 10.
exd6 Qxe2+ 11. Bxe2 cxd6 12. Nc3 Be6 13. b3 d5 14. cxd5 Nxd5 15. Nxd5 Bxd5 16. Kf1 Be7 17. Bb2 O-O 18.
Rh3 a5 19. h5 a4 20. Bf3 Rfd8 21. Rg3 f6 22. Re1 Ra7 23. bxa4 Kf7 24. a3 Rxa4 25. Bd1 Rh4 26. Kg1 Bd6 27.
Rg4 Rxg4 28. Bxg4 Rb8 29. Bc1 g6 30. hxg6+ hxg6 31. Bd1 Rb1 32. Bc2 Ra1 33. a4 Ra2 34. Bd3 Bb4 35. Rf1 Bc5 36.
Bf4 Rxa4 37. Bc1 Rg4 0-1

[Event "NK 2022"]
[Site "Groningen, Netherlands"]
[Date "2022.12.28"]
[Round "10.1"]
[White "Kevlishvili, Robby"]
[Black "Warmerdam, Max"]
[Result "1/2-1/2"]
[TimeControl "40/90; 30 minutes + increment 30 seconds from start"]
[WhiteTitle "GM"]
[BlackTitle "GM"]
[WhiteFideId "1040634"]
[BlackFideId "1048104"]
[WhiteElo "2530"]
[BlackElo "2619"]

1. e4 c5 2. Nf3 d6 3. d4 cxd4 4. Nxd4 Nf6 5. Nc3 a6 6. Bd3 e5 7. Nde2 Be6 8. f4 Be7 9. O-O O-O 10.
Kh1 exf4 11. Nxf4 Nc6 12. b3 Ne5 13. Bb2 Nfd7 14. Ncd5 Bg5 15. a4 Rc8 16. a5 Ng6 17. Nxg6 hxg6 18.
Bc4 Re8 19. Qf3 Bf6 20. Nxf6+ Nxf6 21. Bd3 Ng4 22. Qg3 Rc5 23. b4 Rh5 24. h3 Ne5 25. Rad1 Qc8 26. Kg1 f6 27. Bc1 Qc3 28.
Bd2 Qd4+ 29. Be3 Qc3 30. Bd2 Qd4+ 31. Be3 Qxb4 32. Rb1 Qxa5 33. Rxb7 Qc3 34. Rfb1 g5 35. Bxa6 Qxc2 36. Rc1 Qxe4 37.
Rcc7 Rh7 38. Bf2 Bd5 39. Rb6 g4 40. hxg4 Rh4 41. Bc8 g5 42. Bf5 Qe2 43. Rb1 Nxg4 44. Rc2 Qe7 45. Qd3 Qe5 46.
Bg3 Qe3+ 47. Qxe3 Nxe3 48. Re2 Ra4 49. Bd7 Ra2 50.
Rxa2 Bxa2 51. Bxe8 Bxb1 52. Bxd6 Be4 53. g3 Nf5 54. Bc7 Kg7 55. Bd7 Nh6 56. Bd8 Kf7 57. Kf2 Bf5 58. Bxf5 Nxf5 59.
g4 Nd4 60. Kg3 Ke6 61. Kf2 Nb5 62. Kf3 Nd6 63. Bc7 Nf7 64. Ba5 Ne5+ 65. Kg3 Kd5 66. Bd8 Ke6 67. Ba5 Nf7 68. Kf3 Kd5 69.
Bb4 Ne5+ 70. Kg3 Ke4 71. Be7 Nd7 72. Bd8 Kd3 73. Kf3 Kd4 74. Be7 Kd5 75. Bd8 Ke6 76. Kg3 Ne5 1/2-1/2

[Event "NK 2022"]
[Site "Groningen, Netherlands"]
[Date "2022.12.28"]
[Round "10.2"]
[White "L'Ami, Erwin"]
[Black "Pruijssers, Roeland"]
[Result "1-0"]
[TimeControl "40/90; 30 minutes + increment 30 seconds from start"]
[WhiteTitle "GM"]
[BlackTitle "GM"]
[BlackFideId "1013068"]
[WhiteElo "2627"]
[BlackElo "2538"]

1. d4 d5 2. c4 dxc4 3. Nf3 Nf6 4. e3 e6 5. Bxc4 c5 6. O-O a6 7. dxc5 Bxc5 8. Qxd8+ Kxd8 9. Ne5 Ke7 10.
Be2 Nbd7 11. Nc4 a5 12. Bd2 b6 13. Rc1 Ba6 14. Kf1 Rhd8 15. Be1 Rac8 16. Nbd2 a4 17. b3 a3 18. Nb1 b5 19.
Na5 Nd5 20. Nc3 Nxc3 21. Rxc3 b4 22. Rc2 Bxe2+ 23. Kxe2 Rc7 24. Rac1 Rb8 25. Nc4 Rb5 26. f3 f6 27. Nd2 f5 28.
Nc4 e5 29. e4 fxe4 30. fxe4 Bd4 31. Nxa3 Rxc2+ 32. Nxc2 Bc5 33. Ne3 Ke6 34. Nd5 Rb7 35. Rc4 Ra7 36. Rc2 Rb7 37. g4 Bd6 38.
g5 h6 39. gxh6 gxh6 40. Bd2 h5 41. Rc6 Nb8 42. Rc8 Ra7 43. Bxb4 Rxa2+ 44. Kd3 Na6 45. Bxd6 Kxd6 46. b4 Rxh2 47.
Ra8 Ra2 48. Rh8 Nc7 49. Nxc7 Kxc7 50. Rxh5 Kd6 51. Rh6+ Kd7 52. Kc4 Rd2 53. Kc5 Rd4 54. Rh4 Kc7 55. b5 Kb7 56. b6 Rd7 57.
Rh5 Re7 58. Rh6 Rd7 59. Rd6 Rh7 60. Re6 Rh5 61. Re7+ Kb8 62. Kc6 Rh6+ 63. Kb5 Rh1 64. Rxe5 Rb1+ 65. Kc6 Rb2 66. Re8# 1-0

[Event "NK 2022"]
[Site "Groningen, Netherlands"]
[Date "2022.12.28"]
[Round "11.1"]
[White "Warmerdam, Max"]
[Black "Kevlishvili, Robby"]
[Result "1/2-1/2"]
[TimeControl "40/90; 30 minutes + increment 30 seconds from start"]
[WhiteTitle "GM"]
[BlackTitle "GM"]
[WhiteFideId "1048104"]
[BlackFideId "1040634"]
[WhiteElo "2619"]
[BlackElo "2530"]

1. e4 e5 2. Nf3 Nc6 3. Bc4 Bc5 4. c3 Nf6 5. d4 exd4 6. e5 d5 7. Be2 Ne4 8. cxd4 Bb4+ 9. Bd2 Nxd2 10.
Nbxd2 O-O 11. O-O f6 12. a3 Ba5 13. Bb5 Ne7 14. Bd3 Bf5 15. Qc2 fxe5 16. Nxe5 c6 17. Ndf3 Qd6 18. Rad1 Rae8 19.
b4 Bb6 20. Rfe1 Bxd3 21. Rxd3 Nf5 22. Qd2 Qh6 23. Qxh6 Nxh6 24. g3 Nf5 25. Kg2 Nd6 26. a4 Ne4 27. Re2 Bc7 28. Rde3 Bd6 29. Nd3 a5 30. bxa5 Ra8 31. Rb2 Rxa5 32. Rxb7 Rxa4 33. Rb6 Rc4 34.
Re2 h6 35. Nde5 Bxe5 36. Nxe5 Rxd4 37. Rxc6 Kh7 38. Rc7 Re8 39. Nf3 Rd3 40. Ra2 Rf8 41. Ne5 Rd2 42. Rxd2 Nxd2 43. Nd3 Ne4 44.
Nf4 Kg8 45. f3 Nf6 46. Ne6 Rf7 47. Rc8+ Kh7 48. h4 Ra7 49. g4 Kg6 50. Rf8 Re7 51. Nd4 h5 52. g5 Re8 53. Rxe8 Nxe8 54. Kg3 Nd6 55. Kf4 Nc4 56.
Kg3 Nd6 57. Kf4 Nc4 58. Kg3 Ne3 59. Kf4 Ng2+ 60. Kg3 Ne3 1/2-1/2

[Event "NK 2022"]
[Site "Groningen, Netherlands"]
[Date "2022.12.28"]
[Round "12.1"]
[White "Kevlishvili, Robby"]
[Black "Warmerdam, Max"]
[Result "1/2-1/2"]
[TimeControl "40/90; 30 minutes + increment 30 seconds from start"]
[WhiteTitle "GM"]
[BlackTitle "GM"]
[WhiteFideId "1040634"]
[BlackFideId "1048104"]
[WhiteElo "2530"]
[BlackElo "2619"]

1. e4 c5 2. Nf3 d6 3. d4 cxd4 4. Nxd4 Nf6 5. Nc3 a6 6. Be3 Ng4 7. Bc1 Nf6 8. Be2 e6 9. a4 b6 10.
f4 Bb7 11. Bf3 Qc7 12. O-O Nbd7 13. Qe2 Be7 14. e5 dxe5 15. fxe5 Bc5 16. Bxb7 Bxd4+ 17. Be3 Bxe3+ 18. Qxe3 Qxb7 19.
exf6 Nxf6 20. Qg5 O-O-O 21. Rf2 Rhg8 22. Raf1 h6 23. Qg3 Qc7 24. Qf3 Kb8 25. Ne4 Nxe4 26. Qxe4 Rgf8 27. b4 e5 28.
c4 Rd4 29. Qh7 f6 30. c5 Rxb4 31. cxb6 Rxb6 32. Rc2 Qb7 33. Rfc1 Rd8 34. h4 Rb4 35. Rc4 Rxc4 36. Rxc4 Rd4 37.
Qg8+ Ka7 38. Rxd4 exd4 39. Qd8 Qc6 40. a5 Qc1+ 41. Kh2 Qc5 42. Kh1 g5 43. h5 Kb7 44. Qd7+ Kb8 45. Qd8+ Kb7 46.
Qd7+ Qc7 47. Qd5+ Kb8 48. Kg1 Qc1+ 49. Kf2 Qe3+ 50. Kf1 Qd3+ 51. Kg1 Qd1+ 52. Kf2 Qc2+ 53. Kg1 Qc7 54. Kf2 f5 55.
Qb3+ Ka7 56. Qd5 Kb8 57. Qb3+ Qb7 58. Qg8+ Ka7 59. Qc4 Qb2+ 60. Kg1 Qc3 61. Qf7+ Kb8 62. Qf8+ Kc7 63. Qg7+ Kb8 64. Qf8+ Kb7 65. Qg7+ Qc7 66. Qxd4 Qc1+ 67.
Kf2 Qc2+ 68. Kf1 Qb1+ 69. Kf2 Qa2+ 70. Kf1 Qb1+ 71. Kf2 Qa2+ 72. Kf1 Qe6 73. Qc5 f4 74. Qc3 Qd6 75. Kf2 Kb8 76.
Kf3 Qd5+ 77. Kf2 Qd6 78. Kf3 Qd5+ 79. Kf2 Qe6 80. Kf3 Kb7 81. Qb4+ Kc7 82. Kf2 Qd6 83. Qc4+ Kd7 84. Qf7+ Kc6 85. Qg6 Kc5 86. Kf3 Qc6+ 87. Kf2 Kb5 88. Kf1 Kc5 89.
Kf2 Kd5 90. Qf7+ Qe6 91. Qb7+ Kc5 92. Kg1 Qd6 93. Qb1 g4 94. Qf5+ Kb4 95. Qxg4 Kxa5 96. Qg6 Qb6+ 97. Kh2 Kb5 98. Qf5+ Kc6 99. Qf6+ Kb7 100.
Qg7+ Qc7 101. Qxh6 f3+ 102. Kg1 Qc5+ 103. Kf1 Qc4+ 104. Kg1 Qd4+ 105. Kh2 Qh4+ 106. Kg1 Qd4+ 107. Kh2 f2 108. Qh7+ Kc6 109. Qc2+ Kd5 110. Qa2+ Ke5 111.
Qa5+ Ke4 112. Qxa6 Qe5+ 113. g3 Kf3 114. Qd3+ Qe3 115. Qd1+ Qe2 116. Qd5+ Ke3 117. Qe5+ Kd2 118. Qb2+ Ke1 119.
Qb1+ Qd1 120. Qe4+ Qe2 121. Qb1+ Kd2 122. Qb2+ Ke3 123. Qe5+ Kd3 124. Qb5+ Kd2 125. Qb2+ 1/2-1/2

[Event "NK 2022"]
[Site "Groningen, Netherlands"]
[Date "2022.12.28"]
[Round "13.1"]
[White "Kevlishvili, Robby"]
[Black "Warmerdam, Max"]
[Result "0-1"]
[TimeControl "40/90; 30 minutes + increment 30 seconds from start"]
[WhiteTitle "GM"]
[BlackTitle "GM"]
[WhiteFideId "1040634"]
[BlackFideId "1048104"]
[WhiteElo "2530"]
[BlackElo "2619"]

1. e4 c5 2. Nf3 d6 3. c3 Nf6 4. Be2 g6 5. O-O Bg7 6. h3 O-O 7. d3 Nc6 8. Re1 e5 9. Nbd2 d5 10.
Bf1 h6 11. a3 Be6 12. b4 cxb4 13. axb4 a6 14. Bb2 Rc8 15. exd5 Nxd5 16. Ne4 Qc7 17. Nc5 Bf5 18. Nh4 Bd7 19.
Qb3 Nf4 20. Bc1 Ne6 21. Nxd7 Qxd7 22. Nf3 Rfd8 23. Bb2 Nf4 24. Rad1 Qf5 25. Nh4 Qh5 26. g3 Bf6 27. gxf4 Bxh4 28.
Bc1 Qf5 29. Re4 g5 30. Be2 gxf4 31. Bg4 Qg6 32. Kf1 Kh8 33. Bxc8 Rxc8 34. Bxf4 exf4 35. Rxf4 Bf6 36. d4 Rd8 37.
b5 axb5 38. Qxb5 Bg5 39. Rf3 Qe4 40. Qf5 Qxf5 41. Rxf5 Rd7 42. Rb5 Bd8 43. Rdb1 b6 44. Ke2 Rd6 45. Kd3 Kg7 46. Rf5 Ne7 47.
Rf3 Ng6 48. Kc4 Kf8 49. Ra1 Nh4 50. Rf4 Ng6 51. Rf5 Rc6+ 52. Kd3 Nh4 53. Rd5 Bc7 54. Ra8+ Ke7 55. Rc8 Ng6 56. Rf5 Kd7 57.
Ra8 Ke7 58. Ra7 Ke8 59. Kc2 Ne7 60. Rh5 Bd8 61. Kb3 Rf6 62. Rh4 Re6 63. c4 Nc6 64. Ra8 Na5+ 65. Kc3 Rf6 66. c5 Rf3+ 67.
Kb4 Rb3+ 0-1

[Event "NK 2022"]
[Site "Groningen, Netherlands"]
[Date "2022.12.28"]
[Round "14.1"]
[White "Warmerdam, Max"]
[Black "Kevlishvili, Robby"]
[Result "0-1"]
[TimeControl "40/90; 30 minutes + increment 30 seconds from start"]
[WhiteTitle "GM"]
[BlackTitle "GM"]
[WhiteFideId "1048104"]
[BlackFideId "1040634"]
[WhiteElo "2619"]
[BlackElo "2530"]

1. d4 Nf6 2. c4 e6 3. Nf3 b6 4. a3 Bb7 5. Nc3 d5 6. Bg5 dxc4 7. e3 Nbd7 8. Bxc4 h6 9. Bh4 a6 10.
O-O b5 11. Be2 c5 12. dxc5 Bxc5 13. b4 Be7 14. Qb3 O-O 15. Rfd1 Nd5 16. Bxe7 Qxe7 17. a4 a5 18. bxa5 Nc5 19.
Nxd5 Bxd5 20. Qb4 bxa4 21. Rac1 Rfc8 22. a6 Qf8 23. Nd4 e5 24. Bf3 Bxf3 25. Nxf3 Rxa6 26. Nxe5 Raa8 27. Rc3 Nb3 28.
Rxb3 axb3 29. Qxb3 Rab8 30. Qa2 Rb5 31. Nf3 Rcb8 32. h3 Rb2 33. Qd5 Rb1 34. Qd3 Rxd1+ 35. Qxd1 Qc5 36. Nd4 Qc7 37.
g3 Qd7 38. h4 Qd5 39. Qf3 Qa5 40. Kg2 Rc8 41. Qe4 Qa6 42. Qb1 Qa8+ 43. Nf3 Rb8 44. Qc2 Rb6 45. Qc4 Rf6 46. e4 Re6 47.
e5 Rxe5 48. Qf4 Re6 49. Qd4 Rf6 50. Qc3 Qe4 51. Qb3 g5 52. Qc3 Rf5 53. hxg5 hxg5 54. Qe3 Qxe3 55. fxe3 Kg7 56. Nd4 Ra5 57.
Kf3 Kf6 58. g4 Ra6 59. Nf5 Ke5 60. Ng3 Rf6+ 61. Ke2 Kd5 62.
Nh5 Ra6 63. Ng3 Ke5 64. Kf3 Ra1 65. Ke2 Rg1 66. Kf2 Ra1 67. Ke2 Ra4 68. Kf3 Kd5 69. Nf5 Rb4 70. Nh6 Rb6 71. Nf5 Kc4 72.
Ng3 Kd3 73. Ne4 Rb5 74. Nf2+ Kd2 75. Ne4+ Ke1 76. Nd6 Rb2 77. Ne4 f6 78. Ng3 Rf2+ 79. Ke4 Rg2 80. Nh5 Rf2 81. Ng3 Kd2 82.
Nf5 Rxf5 0-1

[Event "NK 2022"]
[Site "Groningen, Netherlands"]
[Date "2022.12.28"]
[Round "15.1"]
[White "Warmerdam, Max"]
[Black "Kevlishvili, Robby"]
[Result "0-1"]
[TimeControl "40/90; 30 minutes + increment 30 seconds from start"]
[WhiteTitle "GM"]
[BlackTitle "GM"]
[WhiteFideId "1048104"]
[BlackFideId "1040634"]
[WhiteElo "2619"]
[BlackElo "2530"]

1. e4 e5 2. Nf3 Nc6 3. Bc4 Bc5 4. c3 Nf6 5. d4 exd4 6. e5 d5 7. Be2 Ne4 8. cxd4 Bb4+ 9. Bd2 Nxd2 10. Nbxd2 O-O 11. O-O f6 12. a3 Be7 13. Rc1 fxe5 14. dxe5 Kh8 15. Bb5 Bd7 16. Bd3 Qe8 17. Qb3 Qh5 18.
Rfe1 Rab8 19. Qxd5 Rbd8 20. Qc4 Bg4 21. Be2 Qg6 22. b4 Be6 23. Qc3 Bd5 24. b5 Nd4 25. Qxd4 Bxf3 26. Nxf3 Rxd4 27. Nxd4 Bxa3 28. Rxc7 Qe4 0-1